 Dungeon Crawl Stone Soup version 0.30-a0-823-geb93a13fce (webtiles) character file.

Game seed: 3489229039575308930

5467 domi the Covert (level 10, -1/53 HPs)
             Began as a Vine Stalker Brigand on Feb 27, 2023.
             Was an Elder of Uskayaw.
             Slain by an orange demon (5 damage)
             ... led by Amaemon
             ... on level 8 of the Dungeon.
             The game lasted 00:18:21 (6562 turns).

domi the Covert (Vine Stalker Brigand)              Turns: 6562, Time: 00:18:22

Health: -1/53      AC:  4    Str: 14    XL:     10   Next: 69%
Magic:  0/20       EV: 17    Int: 11    God:    Uskayaw [****..]
Gold:   477        SH:  0    Dex: 26    Spells: 22/22 levels left

rFire   . . .      SeeInvis .    S - +7 rapier "Bingo" {elec, Will++}
rCold   . . .      Faith    .    (no shield)
rNeg    . . .      Spirit   +    b - +0 robe
rPois   .          Reflect  .    s - +0 hat
rElec   .          Harm     .    C - scarf {shadows}
rCorr   +          Rampage  .    o - +0 pair of gloves
Will    +++..                    y - +0 pair of boots {Fly}
Stlth   +++++                    (no amulet)
HPRegen 1.08/turn                J - +6 ring of dexterity
MPRegen 0.17/turn                r - ring of resist corrosion

@: flying, slowed, very slow
A: fangs 3, regeneration 1, magic shield, antimagic bite, no potion heal 2
a: Renounce Religion, Stomp, Line Pass


You were on level 8 of the Dungeon.
You worshipped Uskayaw.
Uskayaw was noncommittal.
You visited 2 branches of the dungeon, and saw 9 of its levels.

You collected 477 gold pieces.

Inventory:

Hand Weapons
 a - a +2 dagger
 n - the +5 woodcutter's axe
   (You took it off a gnoll on level 4 of the Dungeon)
 p - a +1 dagger of speed
   (You took it off a kobold on level 2 of the Dungeon)
 P - a +2 dagger of speed
   (You found it on level 8 of the Dungeon)
 S - the +7 rapier "Bingo" (weapon) {elec, Will++}
   (You found it on level 8 of the Dungeon)

   Will:      It greatly increases your willpower.
Missiles
 d - 25 poisoned darts (quivered)
 e - 3 curare-tipped darts {=f}
 h - 2 throwing nets {=f, !d=f}
Armour
 b - a +0 robe (worn)
 c - a +0 cloak
 o - a +0 pair of gloves (worn)
   (You found it on level 2 of the Dungeon)
 s - a +0 hat (worn)
   (You found it on level 4 of the Dungeon)
 w - a +3 leather armour of poison resistance
   (You took it off Eustachio on level 5 of the Dungeon)
 y - a +0 pair of boots of flying (worn)
   (You found it on level 5 of the Dungeon)
 C - a scarf of shadows (worn)
   (You found it on level 6 of the Dungeon)
 K - the +5 ring mail "Wiev" {Stlth+}
   (You found it on level 7 of the Dungeon)

   Stlth:     It makes you more stealthy.
Jewellery
 q - a +5 ring of evasion
   (You took it off a hobgoblin on level 2 of the Dungeon)
 r - a ring of resist corrosion (right hand)
   (You found it on level 2 of the Dungeon)
 v - a ring of wizardry {Wiz+}
   (You found it on level 2 of the Dungeon)
 H - a ring of positive energy {rN+}
   (You found it on level 6 of the Dungeon)
 I - a +6 ring of strength
   (You found it on level 7 of the Dungeon)
 J - a +6 ring of dexterity (left hand)
   (You found it on level 7 of the Dungeon)
 L - a +4 ring of protection
   (You found it on level 7 of the Dungeon)
Wands
 m - a wand of charming (6)
   (You took it off Joseph on level 7 of the Dungeon)
 x - a wand of flame (7)
   (You found it on level 3 of the Dungeon)
 O - a wand of roots (10)
   (You found it on level 7 of the Dungeon)
Scrolls
 f - 5 scrolls of identify {@r1}
 l - 5 scrolls of teleportation {@r4}
 t - 7 scrolls of immolation {!r!r}
 D - a scroll of blinking {unknown}
 E - 2 scrolls of fog
 G - a scroll of fear
 M - 2 scrolls of magic mapping {unknown}
 R - a scroll of brand weapon {unknown}
Potions
 g - 4 potions of haste {unknown}
 i - 6 potions of heal wounds {@q2}
 j - 2 potions of degeneration {unknown}
 k - 2 potions of lignification {!q!q}
 u - 3 potions of attraction {!q}
 z - a potion of flight {unknown}
 A - 2 potions of might {unknown}
 B - a potion of ambrosia {unknown}
 F - a potion of mutation {unknown}
 Q - a potion of invisibility {unknown}


   Skills:
 + Level 6.3 Fighting
 + Level 6.3 Short Blades
 - Level 2.0 Throwing
 + Level 5.4 Dodging
 + Level 9.9 Stealth
 + Level 6.5 Spellcasting
 + Level 4.3 Invocations


You had 22 spell levels left.
You didn't know any spells.
Your spell library contained the following spells:

 Spells                   Type           Power      Damage    Failure   Level
 Foxfire                  Conj/Fire      12%        2x1d4     19%         1
 Fireball                 Conj/Fire      1%         3d3       99%         5
 Starburst                Conj/Fire      1%         6d3       100%        6


Dungeon Overview and Level Annotations

Branches:
Dungeon (8/15)             Temple (1/1) D:6            Lair (0/5) D:8

Altars:
Ashenzari
Cheibriados
Fedhas
Makhleb
Nemelex Xobeh
Okawaru
Qazlal
Sif Muna
Trog
Uskayaw
Vehumet
Wu Jian
Zin

Annotations:
D:4 1 runed translucent door, Crazy Yiuf


Innate Abilities, Weirdness & Mutations

You have razor-sharp teeth.
Your natural rate of healing is unusually fast.
When hurt, damage is shared between your health and your magic reserves.
Your bite disrupts and absorbs the magic of your enemies.
Potions cannot restore your health.


Message History

Amaemon points at the orange demon and mumbles some strange words.
The orange demon seems to grow toxic.
The orange demon closely misses you.
You puncture Amaemon! You bite Amaemon!
Amaemon's magic leaks into the air.
You drain his magic. The orange demon stings you from afar.
You are poisoned.
You have difficulty breathing.
You feel yourself slow down.
Amaemon closely misses you. x2; Amaemon tail-slaps you.
You are more poisoned.
Amaemon poisons you!
Unknown command.
You puncture Amaemon! Lightning courses through Amaemon!
You bite Amaemon, but do no damage.
You feel extremely sick.
Amaemon shouts, "You think you're better than me?"
Amaemon gestures wildly while chanting.
The orange demon stings you but does no damage.
You can now pass through a line of other dancers.
Amaemon appears confused.
The orange demon appears confused.
The necrophage appears confused.
You can no longer pass through a line of other dancers.
You feel very sick.
The necrophage hits itself.
The necrophage completely misses you.
Amaemon looks very confused.
Amaemon closely misses the scorpion.
Amaemon barely misses the scorpion.
Amaemon closely misses the scorpion.
Amaemon hits himself with a -2 demon whip of venom!
Amaemon is poisoned.
Amaemon claws himself!
Amaemon barely misses himself.
The orange demon stings Amaemon but does no damage.
The orange demon completely misses Amaemon.
You hit the necrophage. You bite the necrophage. You drain its power.
You feel invigorated.
You feel very sick.
Amaemon seems less confused.
Amaemon's magic is no longer disrupted.
The orange demon seems less confused.
The necrophage seems less confused.
The necrophage completely misses you.
You closely miss the necrophage.
You feel very sick. The necrophage misses you.
The orange demon barely misses you.
You puncture the necrophage!
Lightning courses through the necrophage!
Your bite misses the necrophage.
You feel sick.
The necrophage hits you but does no damage.
The necrophage hits you.
You can now pass through a line of other dancers.
You hit the necrophage.
You bite the necrophage, but do no damage.
You feel sick. The necrophage hits you.
You closely miss the necrophage. You bite the necrophage.
You destroy the necrophage!
You feel sick.
Amaemon mumbles some strange words.
Amaemon points at the scorpion and mumbles some strange words.
The scorpion seems to grow toxic.
You puncture the scorpion!
You feel sick.
The orange demon no longer looks unusually toxic.
The scorpion closely misses you.
Amaemon gestures at the orange demon while chanting.
The orange demon seems to grow toxic.
Uskayaw will force your foes to helplessly watch your dance.
Uskayaw prepares the audience for your solo!
The helpless scorpion fails to defend itself.
You skewer the scorpion like a kebab!!!!
You kill the scorpion!
The scorpion's corpse disappears in a puff of smoke!
You feel sick.
You are no longer poisoned.
The scorpion is no longer paralysed.
The orange demon is no longer paralysed.
Amaemon is no longer paralysed.
Amaemon closely misses you. Amaemon claws you. Amaemon tail-slaps you.
The orange demon stings you but does no damage.
Amaemon hisses.
Amaemon hits you with a -2 demon whip of venom!
Amaemon claws you.
* * * LOW HITPOINT WARNING * * *
Amaemon tail-slaps you but does no damage.
The orange demon stings you from afar!
* * * LOW HITPOINT WARNING * * *
You see here a necrophage corpse.
You puncture Amaemon!
You kill Amaemon!
The scorpion disappears in a puff of smoke!
The orange demon closely misses you.
Unknown command.
Aim: an orange demon (concentrated venom)
The roots erupt in riotous growth!
Roots grab the orange demon.
The grasping roots constrict the orange demon!
The roots release their grip on the orange demon.
The orange demon barely misses you. The orange demon stings you from afar!
* * * LOW HITPOINT WARNING * * *
You are poisoned.
You have difficulty breathing.
* * * LOW HITPOINT WARNING * * *
You feel as though you will be slow longer.
Uskayaw will force your foes to share their pain.
Your system rejects the healing.
You feel better. The orange demon stings you from afar.
You die...

#####.
#.# #
#.# #
#.# ..
#.#
###
#.#
#.#
#4#
#)#
#@#
#.#
#.#
#.#
#.#
#.#
#.#
..#


You could see an orange demon (curare).

Vanquished Creatures
  Erica (D:8)
  Amaemon (D:8)
  Joseph (D:7)
  Prince Ribbit (D:8)
  Sigmund (D:2)
  5 yaks (D:7)
  Eustachio (D:5)
  Menkaure (D:6)
  A steam dragon (D:8)
  An orc warrior (D:6)
  2 sky beasts
  2 black bears
  An ice beast (D:7)
  2 ogres
  3 phantoms
  2 kobold brigands (D:8)
  A bullfrog (D:8)
  A necrophage (D:8)
  A gnoll sergeant (D:4)
  A scorpion (D:5)
  10 wights
  A gnoll bouda (D:4)
  2 hounds
  6 orc priests
  Jessica (D:2)
  2 iguanas
  Natasha (twice) (D:2)
  2 orc wizards
  11 gnolls (D:4)
  7 adders
  A shadow imp (D:5)
  3 white imps
  4 worms
  4 dart slugs
  19 orcs
  3 ball pythons
  6 endoplasms
  5 giant cockroaches
  9 goblins
  8 hobgoblins
  3 quokkas
  3 bats
  4 frilled lizards
  19 kobolds
  3 rats
168 creatures vanquished.

Vanquished Creatures (others)
  An orc wizard (D:8)
1 creature vanquished.

Grand Total: 169 creatures vanquished

Notes
Turn   | Place    | Note
-------+----------+-------------------------------------------
     0 | D:1      | domi the Vine Stalker Brigand began the quest for the Orb.
     0 | D:1      | Reached XP level 1. HP: 11/11 MP: 2/2
   115 | D:1      | Reached skill level 1 in Dodging
   115 | D:1      | Reached XP level 2. HP: 10/15 MP: 1/3
   151 | D:1      | Reached skill level 2 in Throwing
   175 | D:1      | Reached skill level 2 in Short Blades
   195 | D:1      | Reached skill level 2 in Fighting
   199 | D:1      | Reached skill level 5 in Stealth
   294 | D:1      | Reached XP level 3. HP: 18/18 MP: 5/5
   557 | D:2      | Reached skill level 1 in Spellcasting
   560 | D:2      | Found a faded altar of an unknown god.
   560 | D:2      | Noticed Jessica
   572 | D:2      | Killed Jessica
   573 | D:2      | Gained mutation: Your natural rate of healing is unusually
                  | fast. [Vine Stalker growth]
   573 | D:2      | Reached XP level 4. HP: 19/23 MP: 4/6
   863 | D:2      | Noticed Sigmund
   982 | D:2      | Noticed Natasha
  1179 | D:2      | Killed Natasha
  1180 | D:2      | Reached XP level 5. HP: 20/27 MP: 6/8
  1243 | D:2      | Noticed Natasha
  1258 | D:2      | Killed Natasha
  1290 | D:2      | Killed Sigmund
  1291 | D:2      | Reached skill level 3 in Fighting
  1291 | D:2      | Reached skill level 3 in Short Blades
  1291 | D:2      | Reached skill level 2 in Dodging
  1291 | D:2      | Reached skill level 6 in Stealth
  1291 | D:2      | Reached skill level 2 in Spellcasting
  1291 | D:2      | Reached XP level 6. HP: 31/32 MP: 8/10
  1367 | D:3      | Found a glowing silver altar of Zin.
  1367 | D:3      | Found a bloodstained altar of Trog.
  1368 | D:3      | Found a shimmering blue altar of Sif Muna.
  2063 | D:4      | Reached XP level 7. HP: 16/36 MP: 10/12
  2089 | D:4      | Reached skill level 3 in Spellcasting
  2735 | D:4      | Reached skill level 3 in Dodging
  2897 | D:4      | HP: 8/37 [poisoned by a gnoll sergeant]
  2898 | D:4      | HP: 2/37 [gnoll sergeant/+3 spear of venom (7)]
  3037 | D:4      | Found a runed translucent door.
  3038 | D:4      | Noticed Crazy Yiuf
  3308 | D:4      | HP: 9/37 [poisoned by a gnoll sergeant]
  3313 | D:4      | HP: 5/37 [poisoned by a gnoll sergeant]
  3316 | D:4      | Reached skill level 7 in Stealth
  3316 | D:4      | Gained mutation: You have razor-sharp teeth. [Vine Stalker
                  | growth]
  3316 | D:4      | Reached XP level 8. HP: 5/42 MP: 6/14
  3318 | D:4      | HP: 5/42 [poisoned by a gnoll sergeant]
  3519 | D:5      | Entered Level 5 of the Dungeon
  3527 | D:5      | Reached skill level 4 in Fighting
  3527 | D:5      | Reached skill level 4 in Short Blades
  3541 | D:5      | Noticed Eustachio
  3550 | D:5      | Killed Eustachio
  3576 | D:5      | Reached skill level 4 in Spellcasting
  4335 | D:6      | Noticed Menkaure
  4682 | D:6      | Found a staircase to the Ecumenical Temple.
  4690 | Temple   | Entered the Ecumenical Temple
  4796 | Temple   | Became a worshipper of Uskayaw the Reveller
  5019 | D:6      | Reached * piety under Uskayaw
  5048 | D:6      | Reached ** piety under Uskayaw
  5054 | D:6      | Reached skill level 4 in Dodging
  5054 | D:6      | Reached *** piety under Uskayaw
  5056 | D:6      | Reached XP level 9. HP: 46/46 MP: 14/17
  5062 | D:6      | Reached skill level 8 in Stealth
  5062 | D:6      | Reached skill level 1 in Invocations
  5258 | D:6      | Killed Menkaure
  5284 | D:7      | Reached skill level 5 in Fighting
  5284 | D:7      | Reached skill level 5 in Short Blades
  5284 | D:7      | Reached skill level 5 in Spellcasting
  5363 | D:7      | Noticed Joseph
  5394 | D:7      | Killed Joseph
  5395 | D:7      | Reached skill level 2 in Invocations
  5671 | D:7      | Reached skill level 9 in Stealth
  5695 | D:7      | Reached skill level 3 in Invocations
  5704 | D:7      | Reached XP level 10. HP: 51/53 MP: 17/19
  5724 | D:7      | Identified the +5 ring mail "Wiev" {Stlth+}
  5731 | D:7      | Reached skill level 6 in Spellcasting
  5883 | D:7      | Reached skill level 5 in Dodging
  5985 | D:7      | You are sucked into a shaft and drop 1 floor!
  6218 | D:8      | Reached **** piety under Uskayaw
  6308 | D:8      | Noticed Erica
  6328 | D:8      | Killed Erica
  6329 | D:8      | Reached skill level 6 in Fighting
  6329 | D:8      | Reached skill level 6 in Short Blades
  6336 | D:8      | Noticed Prince Ribbit
  6338 | D:8      | Reached ***** piety under Uskayaw
  6353 | D:8      | Killed Prince Ribbit
  6354 | D:8      | Reached skill level 4 in Invocations
  6356 | D:8      | Identified the +7 rapier "Bingo" {elec, Will++}
  6366 | D:8      | Reached ****** piety under Uskayaw
  6494 | D:8      | Found a staircase to the Lair.
  6543 | D:8      | Noticed Amaemon
  6544 | D:8      | Noticed an orange demon
  6559 | D:8      | HP: 8/53 [orange demon[Amaemon] (6)]
  6560 | D:8      | Killed Amaemon
  6561 | D:8      | HP: 2/53 [asphyx]
  6562 | D:8      | Slain by an orange demon

Illustrated notes

Levels and vault maps discovered:
D:1:      dpeg_arrival_lava_temple_mockup, layout_rooms, minmay_hexomino_u4
D:2:      layout_basic, ebering_ecumenical_altar_rust, uniq_natasha,
          uniq_sigmund, uniq_jessica
D:3:      layout_rooms, gammafunk_temple_overflow_forgotten, hex_intersection
D:4:      layout_loops_ring, pf_guarded_unrand_woodcutter,
          uniq_crazy_yiuf_cottage
D:5:      layout_basic, uniq_eustachio
D:6:      layout_basic, lemuel_temple_firewalk_b, serial_bayou_pond_d,
          kennysheep_big_empty_room, uniq_menkaure
D:7:      layout_basic, uniq_joseph
D:8:      layout_basic, lair_entry_dummy, enter_ossuary_3,
          palyth_stone_intersect, serial_bayou_ford_a, uniq_erica, uniq_amaemon,
          uniq_pikel, uniq_prince_ribbit1
Temple:   bh_familiar_temple

Skill      XL: |  1  2  3  4  5  6  7  8  9 10 |
---------------+-------------------------------+-----
Dodging        | 1 2 3 4 5 |  5.4
Throwing       | 2 |  2.0
Short Blades   | 2 3 4 5 6 |  6.3
Fighting       | 2 3 4 5 6 |  6.3
Stealth        | 5 6 7 9 |  9.9
Spellcasting   | 1 2 3 4 5 6 |  6.5
Invocations    | 3 4 |  4.3

Action                     |  1- 3 |  4- 6 |  7- 9 | 10-12 || total
---------------------------+-------+-------+-------+-------++-------
  Melee: Dagger            |    60 |   194 |   397 |    85 ||   736
         Bite              |    10 |    57 |   143 |    44 ||   254
         Punch             |       |     3 |    10 |       ||    13
         Rapier            |       |       |       |    24 ||    24
  Throw: Dart              |       |     2 |    32 |       ||    34
         Throwing net      |       |       |     2 |       ||     2
 Invoke: Line Pass         |       |       |     7 |     3 ||    10
         Stomp             |       |       |     1 |       ||     1
  Evoke: Wand              |       |       |     9 |     1 ||    10
    Use: Scroll            |       |    11 |       |       ||    11
         Potion            |       |       |     4 |     1 ||     5
   Stab: Sleeping          |     5 |     7 |    13 |     2 ||    27
         Distracted        |       |       |     1 |       ||     1
         Paralysed         |       |       |     1 |     4 ||     5
         Confused          |       |       |     2 |     1 ||     3
 Armour: Robe              |     6 |    28 |    17 |    12 ||    63
  Dodge: Dodged            |    22 |    80 |   171 |    45 ||   318

Table legend: (Time is in decaauts)
 A = Elapsed time spent in this place.
 B = Non-inter-level travel time spent in this place.
 C = Inter-level travel time spent in this place.
 D = Time resting spent in this place.
 E = Time spent auto-exploring this place.
 F = Levels seen in this place.
 G = Mean time per level.
                   A        B        C        D        E       F      G
               +--------+--------+--------+--------+--------+-----+--------+
         Total |   6211 |   5866 |    345 |    326 |   4044 |   9 |  690.1 |
       Dungeon |   6075 |   5776 |    299 |    326 |   3957 |   8 |  759.4 |
        Temple |    135 |     89 |     46 |      0 |     87 |   1 |  135.0 |
               +--------+--------+--------+--------+--------+-----+--------+

Top non-repeatable levels by time:
     D:4: 1356 daAuts
     D:2: 834 daAuts
     D:6: 823 daAuts
     D:5: 726 daAuts
     D:3: 681 daAuts
     D:7: 661 daAuts
     D:8: 533 daAuts
     D:1: 457 daAuts
  Temple: 135 daAuts

Table legend:
 A = Kills in this place as a percentage of kills in entire the game.
 B = Kills by you in this place as a percentage of kills by you in the entire game.
 C = Kills by friends in this place as a percentage of kills by friends in the entire game.
 D = Other kills in this place as a percentage of other kills in the entire game.
 E = Experience gained in this place as a percentage of experience gained in the entire game.
 F = Experience gained in this place divided by the number of levels of this place that you have seen.
                   A       B       C       D       E      F
               +-------+-------+-------+-------+-------+----------------------
         Total | 100.0 | 100.0 |   N/A | 100.0 | 100.0 | 867.9
       Dungeon | 100.0 | 100.0 |   N/A | 100.0 | 100.0 | 976.4
               +-------+-------+-------+-------+-------+----------------------
